 Dungeon Crawl Stone Soup version 0.30-a0-859-gf88a04b62d (webtiles) character file.

Game seed: 3434319663428196087

19715 BubbleThief the Warrior (level 12, -20/139 HPs)
             Began as a Naga Cinder Acolyte on Mar 6, 2023.
             Was a Priest of Ignis.
             Demolished by a bog body (22 damage)
             ... on level 2 of the Lair of Beasts.
             The game lasted 00:30:38 (13736 turns).

BubbleThief the Warrior (Naga Cinder Acolyte)      Turns: 13736, Time: 00:30:38

Health: -20/139    AC: 14    Str: 21    XL:     12   Next: 71%
Magic:  10/10      EV: 13    Int: 23    God:    Ignis [***...]
Gold:   449        SH:  0    Dex:  9    Spells: 21/23 levels left

rFire   + + .      SeeInvis +    l - +5 demon whip "Spellbinder" {antimagic, disrupt, Will+}
rCold   . . .      Faith    .    (no shield)
rNeg    + + .      Spirit   .    x - +1 leather armour {rC+}
rPois   +          Reflect  .    C - +2 helmet {Int+3}
rElec   .          Rampage  .    L - +1 cloak of Starlight {*Dazzle EV+4 Stlth--}
rCorr   .                        G - +2 pair of gloves
Will    ++++.                    (no barding) Stlth
                                 M - amulet of regeneration
HPRegen 1.23/turn                o - ring "Losou" {Wiz rN++ Str+4 Dex+3 Stlth-}
MPRegen 0.12/turn                F - ring "Tolujapp" {Fire Drain Will++ MP+9}

@: rising, flying, studying Armour, very slow
A: AC +4, large, see invisible, deformed body, poison resistance, slowness 2,
spit poison 1, naga tail 1
a: Spit Poison, Renounce Religion, Fiery Armour, Foxfire Swarm


You were on level 2 of the Lair of Beasts.
You worshipped Ignis.
Ignis was most pleased with you.
You visited 2 branches of the dungeon, and saw 13 of its levels.
You also visited: Bailey and Gauntlet.

You collected 839 gold pieces.
You spent 390 gold pieces at shops.

Inventory:

Hand Weapons
 a - a -1 mace of flaming
 l - the +5 demon whip "Spellbinder" (weapon) {antimagic, disrupt, Will+}
   (You acquired it on level 8 of the Dungeon)

   Will:      It increases your willpower.
 p - a +4 whip of freezing
 I - a +4 morningstar of draining
Armour
 b - a +0 robe
 x - a +1 leather armour of cold resistance (worn)
 C - a +2 helmet of intelligence (worn)
 G - a +2 pair of gloves (worn)
 J - +0 gold dragon scales
 L - the +1 cloak of Starlight (worn) {*Dazzle EV+4 Stlth--}
   (You found it on level 7 of the Dungeon)

   *Dazzle:   It may blind those who miss an attack against the wearer in melee
   combat.
   EV:        It affects your evasion (+4).
   Stlth:     It makes you much less stealthy.
Jewellery
 o - the ring "Losou" (left hand) {Wiz rN++ Str+4 Dex+3 Stlth-}
   (You found it in a bailey)

   [ring of wizardry]

   It improves your spell success rate.
   Str:       It affects your strength (+4).
   Dex:       It affects your dexterity (+3).
   rN:        It greatly protects you from negative energy.
   Stlth:     It makes you less stealthy.
 u - an amulet of magic regeneration
 w - a ring of flight
 B - the ring of the Visionary {rPois rCorr}
   (You found it in a Gauntlet)

   [ring of poison resistance]

   rPois:     It protects you from poison.
   rCorr:     It protects you from acid and corrosion.
 E - an amulet of guardian spirit
 F - the ring "Tolujapp" (right hand) {Fire Drain Will++ MP+9}
   (You took it off an orc warrior on level 7 of the Dungeon)

   [ring of fire]

   It enhances your fire magic.
   rF:        It protects you from fire.
   rC:        It makes you vulnerable to cold.
   MP:        It affects your magic capacity (+9).
   Drain:     It drains your maximum health when unequipped.
   Will:      It greatly increases your willpower.
 M - an amulet of regeneration (around neck)
 O - a ring of resist corrosion
 Q - the ring "Dourid" {Fly rF+}
   (You found it in a Gauntlet)

   [ring of flight]

   rF:        It protects you from fire.
   Fly:       It grants you flight.
 R - a +4 ring of protection
 S - the ring "Huad" {Fly rC+}
   (You found it in a Gauntlet)

   [ring of protection from cold]

   rC:        It protects you from cold.
   Fly:       It grants you flight.
Wands
 d - a wand of roots (19)
 v - a wand of mindburst (19)
 y - a wand of acid (12)
 H - a wand of charming (8)
 N - a wand of flame (21)
Scrolls
 f - 2 scrolls of poison
 i - 5 scrolls of identify
 j - 6 scrolls of teleportation
 q - a scroll of brand weapon
 U - a scroll of fear
Potions
 c - 3 potions of resistance
 g - 6 potions of curing
 h - 4 potions of might
 k - 4 potions of invisibility
 m - a potion of experience
 n - 2 potions of lignification {unknown}
 r - 3 potions of heal wounds
 s - 3 potions of brilliance
 t - 3 potions of mutation
 z - a potion of cancellation
 A - 5 potions of attraction
 D - a potion of flight {unknown}
 K - a potion of berserk rage {unknown}
 T - a potion of ambrosia {unknown}
Miscellaneous
 e - a phial of floods
 P - a phantom mirror


   Skills:
 + Level 17.7 Fighting
 - Level 7.9 Maces & Flails
 - Level 6.0 Spellcasting
 - Level 11.2 Fire Magic


You had 21 spell levels left.
You knew the following spells:

 Your Spells              Type           Power      Damage    Failure   Level
a - Scorch                Fire           100%       2d10      1%          2

Your spell library contained the following spells:

 Spells                   Type           Power      Damage    Failure   Level
 Magic Dart               Conj           24%        1d4       4%          1
 Shock                    Conj/Air       24%        1d4       4%          1
 Call Imp                 Summ           6%         N/A       6%          2
 Mephitic Cloud           Conj/Pois/Air  6%         N/A       12%         3
 Swiftness                Air            6%         N/A       12%         3
 Airstrike                Air            3%         2d(1-17)  34%         4


Dungeon Overview and Level Annotations

Branches:
Dungeon (11/15)            Temple (0/1) D:4            Lair (2/5) D:8
  Swamp (0/4) Lair:2       Spider (0/4) Lair:2       Bailey (visited)
Gauntlet (visited)
    Orc: D:9-12

Altars:
Elyvilon
Makhleb
Qazlal

Shops:
D:1 *   D:7 (

Annotations:
Lair:2 3 runed translucent doors, Etsiony's ghost, novice TrTm


Innate Abilities, Weirdness & Mutations

Your serpentine skin is tough. (AC +4)
You have supernaturally acute eyesight. (SInv)
Armour fits poorly on your strangely shaped body.
Your system is resistant to poisons. (rPois)
You cover ground very slowly.
You can spit poison.
You have a snake-like lower body.


Message History

The six-headed hydra roars!
The bog body attacks as you move away!
The bog body touches you but does no damage.
The bog body misses you. The bog body attacks as you move away!
The bog body touches you. The bog body freezes you!
Your nameless horror hits the bog body!
The bog body's magic leaks into the air.
The six-headed hydra misses you.
The six-headed hydra bites you but does no damage.
The six-headed hydra bites you. x2; The six-headed hydra barely misses you.
The six-headed hydra closely misses you.
The six-headed hydra attacks as you move away!
The six-headed hydra closely misses you.
The six-headed hydra bites you but does no damage.
The six-headed hydra bites you!
* * * LOW HITPOINT WARNING * * *
The six-headed hydra bites you but does no damage.
The six-headed hydra bites you.
* * * LOW HITPOINT WARNING * * *
The six-headed hydra bites you!
* * * LOW HITPOINT WARNING * * *
Found a scroll of amnesia.
Found a stone staircase leading up.
Something bites your nameless horror. x3
Something barely misses your nameless horror.
Something bites your nameless horror! x2
Your nameless horror is destroyed!
Your nameless horror disappears in a puff of smoke!
You whack the bog body!
The bog body's magic leaks into the air.
The bog body appears momentarily distorted.
The bog body is severely damaged.
The bog body touches you.
* * * LOW HITPOINT WARNING * * *
The bog body freezes you!
* * * LOW HITPOINT WARNING * * *
Okay, then.
You begin to rise into the air.
The bog body touches you.
* * * LOW HITPOINT WARNING * * *
The bog body freezes you!!
You die...

,,* #.##.##.##.P⌠P[##...#....#
*,* ######...#*****#.....#...#
*,** ##..##...# *,* ##P.###.#..
*,,* ##.....#.)##*,* ##.**#.#..
*,,***#..~~†..#..#*,* #.,*#..##
*,,,,...~~~♣~....#*,* *,#...###
*,,**#..~§§§♣...##*,* **........
*,,,*#..♣~§§♣§Dn##*,****,.P.#..##
*,,**.#.§§§§...#@#,,*,,,,....,**#
*,,***..§§§§.§..#..#*,***##**** #
*,,* *#....§.§.....#*,* #
*,,***#..##..........,**
*,,,,,,.^.............,*
*,,,***,##............#* **,**
***.......,....##
*,******#...?..,..<##
*,**,*,*,,,,,,,,*,,*


You could see a six-headed hydra and a bog body (anchored, magic disrupted).

Vanquished Creatures
  A minotaur (Gauntlet)
  2 hydras (Lair:2)
  A wretched star (Gauntlet)
  A bog body (Lair:2)
  Pikel (D:5)
  A cyclops (D:7)
  A manticore (D:7)
  An ice statue (Gauntlet)
  6 cane toads
  3 rime drakes
  3 komodo dragons
  Prince Ribbit (D:5)
  5 shadows
  2 wyverns
  2 yaks (D:7)
  2 basilisks
  4 steam dragons (D:7)
  2 neqoxecs (Gauntlet)
  A vampire mosquito (D:7)
  Menkaure (D:5)
  A redback (Lair:2)
  2 acid dragons (D:7)
  28 water moccasins
  Duvessa (D:5)
  4 ice beasts
  13 orc warriors
  3 black bears
  A sky beast (D:6)
  An ogre (D:5)
  5 phantoms
  13 centaurs
  2 lemures (D:5)
  8 bullfrogs
  5 scorpions
  5 wights (D:8)
  Dowan (D:5)
  A killer bee (D:8)
  A howler monkey (D:5)
  2 electric eels (Lair:1)
  3 jellies
  Crazy Yiuf (D:3)
  4 hounds
  A gnoll bouda (D:7)
  3 orc priests
  A sleepcap (D:8)
  3 iguanas
  5 orc wizards
  A gnoll (D:6)
  19 adders
  3 white imps
  2 ufetubi (D:6)
  A worm (D:3)
  3 dart slugs
  41 orcs
  5 bats
  8 endoplasms
  4 giant cockroaches
  7 goblins
  10 hobgoblins
  8 jackals (D:1)
  7 quokkas
  8 ball pythons
  3 frilled lizards
  3 kobolds (D:3)
  7 rats
299 creatures vanquished.

Vanquished Creatures (others)
  A basilisk (Lair:2)
  A centaur (Bailey)
  A howler monkey (D:7)
  15 demonic plants (Gauntlet)
  39 foxfires (Bailey)
  6 fungi
  9 plants
  6 withered plants (Lair:2)
78 creatures vanquished.

Grand Total: 377 creatures vanquished

Notes
Turn   | Place    | Note
-------+----------+-------------------------------------------
     0 | D:1      | BubbleThief the Naga Cinder Acolyte began the quest for the
                  | Orb.
     0 | D:1      | Reached XP level 1. HP: 21/21 MP: 2/2
   120 | D:1      | Found a faded altar of an unknown god.
   144 | D:1      | Reached XP level 2. HP: 24/28 MP: 3/3
   227 | D:1      | Learned a level 2 spell: Scorch
   546 | D:1      | Reached XP level 3. HP: 34/34 MP: 2/5
   699 | D:1      | Found Firixaom's General Store.
  1315 | D:2      | Reached XP level 4. HP: 42/42 MP: 2/7
  2657 | D:3      | Found a runed translucent door.
  2658 | D:3      | Noticed Crazy Yiuf
  3117 | D:4      | Found a white marble altar of Elyvilon.
  3133 | D:4      | Reached XP level 5. HP: 32/49 MP: 1/8
  3137 | D:4      | Reached skill level 5 in Fire Magic
  3225 | D:4      | Noticed a phantom
  3240 | D:4      | Killed a phantom
  3327 | D:4      | Found a staircase to the Ecumenical Temple.
  3357 | D:4      | Reached XP level 6. HP: 56/56 MP: 5/10
  4205 | D:5      | Entered Level 5 of the Dungeon
  4439 | D:5      | Reached XP level 7. HP: 62/62 MP: 5/12
  4761 | D:5      | Noticed Menkaure
  4764 | D:5      | Killed Menkaure
  5120 | D:5      | Noticed Pikel
  5124 | D:5      | Noticed Prince Ribbit
  5133 | D:5      | Killed Pikel
  5134 | D:5      | Reached skill level 5 in Spellcasting
  5134 | D:5      | Reached XP level 8. HP: 23/69 MP: 12/15
  5138 | D:5      | Killed Prince Ribbit
  5155 | D:5      | Noticed Duvessa
  5297 | D:5      | Noticed Dowan
  5306 | D:5      | Killed Duvessa
  5309 | D:5      | Killed Dowan
  5723 | D:6      | Reached XP level 9. HP: 75/75 MP: 10/17
  5914 | D:6      | Reached skill level 10 in Fire Magic
  6774 | D:1      | Bought a +2 helmet of intelligence for 258 gold pieces
  6774 | D:1      | Bought a scroll of teleportation for 36 gold pieces
  6774 | D:1      | Bought 2 potions of brilliance for 96 gold pieces
  6877 | D:3      | Killed Crazy Yiuf
  7100 | D:7      | Reached skill level 4 in Fighting
  7225 | D:7      | Reached XP level 10. HP: 73/87 MP: 12/19
  7232 | D:7      | Reached skill level 5 in Fighting
  7232 | D:7      | Reached skill level 5 in Maces & Flails
  7697 | D:7      | Reached skill level 6 in Fighting
  7733 | D:7      | Identified the ring "Tolujapp" {Fire Drain Will++ MP+9}
  7892 | D:7      | Reached skill level 7 in Fighting
  7912 | D:7      | Noticed a manticore
  7922 | D:7      | Killed a manticore
  7926 | D:7      | Noticed a cyclops
  7933 | D:7      | HP: 4/94 [cyclops/large rock (40)]
  7936 | D:7      | Killed a cyclops
  8331 | D:7      | Found the +1 cloak of Starlight {*Dazzle EV+4 Stlth--}
  8555 | D:7      | Found Unidakus's Antique Weapon Boutique.
  8763 | D:7      | Reached skill level 8 in Fighting
  8763 | D:7      | Reached XP level 11. HP: 91/103 MP: 20/20
  8889 | D:8      | You are sucked into a shaft and drop 3 floors!
  8917 | D:10     | Entered Level 10 of the Dungeon
  8957 | D:8      | Identified a scroll of acquirement
  8957 | D:8      | Acquired the +5 demon whip "Spellbinder" {antimagic,
                  | disrupt, Will+}
  8957 | D:8      | Found the +5 demon whip "Spellbinder" {antimagic, disrupt,
                  | Will+}
  9122 | D:8      | Found a flagged portal.
  9164 | Bailey   | Entered a bailey
  9267 | Bailey   | Reached skill level 9 in Fighting
  9873 | Bailey   | Reached skill level 10 in Fighting
 10104 | Bailey   | Identified the ring "Losou" {Wiz rN++ Str+4 Dex+3 Stlth-}
 10328 | D:8      | Found a stormy altar of Qazlal.
 10470 | D:8      | Found a staircase to the Lair.
 10501 | D:8      | Found a burning altar of Makhleb.
 10545 | Lair:1   | Entered Level 1 of the Lair of Beasts
 10767 | Lair:1   | Reached skill level 11 in Fighting
 10804 | Lair:1   | Reached skill level 12 in Fighting
 10853 | Lair:1   | Reached skill level 13 in Fighting
 11272 | Lair:1   | Reached skill level 14 in Fighting
 11656 | Lair:1   | Reached XP level 12. HP: 129/129 MP: 10/21
 12087 | Lair:2   | Reached skill level 15 in Fighting
 12125 | Lair:2   | Found a runed translucent gate.
 12125 | Lair:2   | Found a runed translucent gate.
 12125 | Lair:2   | Found a runed translucent gate.
 12125 | Lair:2   | Noticed Etsiony's ghost (novice TrTm)
 12126 | Lair:2   | Noticed Etsiony's ghost (novice TrTm)
 12152 | Lair:2   | Found a gate leading to a gauntlet.
 12161 | Gauntlet | Entered a Gauntlet
 12161 | Gauntlet | Found a transporter.
 12161 | Gauntlet | Found a transporter.
 12165 | Gauntlet | Found a transporter.
 12165 | Gauntlet | Found a transporter.
 12189 | Gauntlet | Found a transporter.
 12197 | Gauntlet | Noticed a dire elephant
 12199 | Gauntlet | Found a transporter.
 12199 | Gauntlet | Found a transporter.
 12203 | Gauntlet | Found a transporter.
 12208 | Gauntlet | Found the +3 crown of Dyrovepreva {rElec Int+2 SInv}
 12210 | Gauntlet | Noticed a wretched star
 12230 | Gauntlet | Found a transporter.
 12237 | Gauntlet | Found a transporter.
 12257 | Gauntlet | Found a transporter.
 12291 | Gauntlet | Found a transporter.
 12305 | Gauntlet | Found a transporter.
 12396 | Gauntlet | Found a transporter.
 12405 | Gauntlet | Found a transporter.
 12420 | Gauntlet | Found a transporter.
 12869 | Gauntlet | Reached skill level 16 in Fighting
 12874 | Gauntlet | Identified the ring of the Visionary {rPois rCorr}
 12990 | Gauntlet | Killed a wretched star
 13001 | Gauntlet | Identified the ring "Dourid" {Fly rF+}
 13030 | Gauntlet | Noticed a minotaur
 13050 | Gauntlet | Killed a minotaur
 13051 | Gauntlet | Reached skill level 17 in Fighting
 13056 | Gauntlet | Identified the ring "Huad" {Fly rC+}
 13141 | Lair:2   | Noticed a seven-headed hydra
 13148 | Lair:2   | Killed a seven-headed hydra
 13211 | Lair:2   | Noticed a five-headed hydra
 13216 | Lair:2   | Killed a five-headed hydra
 13613 | Lair:2   | Found a hole to the Spider Nest.
 13721 | Lair:2   | Found a staircase to the Swamp.
 13731 | Lair:2   | Noticed a six-headed hydra
 13735 | Lair:2   | HP: 2/139 [bog body (15)]
 13736 | Lair:2   | Demolished by a bog body

Illustrated notes

Levels and vault maps discovered:
D:1:      lordsloth_arrival_two_stooges, layout_loops_cross,
          chequers_ecumenical_altar_twisty, serial_shops, shop
D:2:      layout_loops_ring
D:3:      layout_loops_ring, uniq_crazy_yiuf_cottage
D:4:      layout_basic, nicolae_elyvilon_peaceful_grove, temple_doors_cd
D:5:      layout_loops_corners, minmay_puff, uniq_duvessa, uniq_pikel,
          uniq_menkaure, uniq_prince_ribbit1
D:6:      layout_loops_cross, minmay_circle_x
D:7:      minmay_the_grid_octo_2x2 [minmay_the_grid_octo_teeth,
          minmay_the_grid_octo_thin_diamonds, minmay_the_grid_octo_focus,
          minmay_the_grid_octo_prize_star], layout_basic, serial_shops,
          kennysheep_mini, minmay_misc_feat_roman
D:8:      layout_rooms, lightli_temple_of_fire, kennysheep_mini_moat,
          david_lair_shrubbed, enter_bailey_8, kennysheep_generic_room_5
D:9:      layout_loops_ring, chequers_temple_overflow_statue_of_worship,
          orc_0_dummy
D:10:     layout_gridville, mainiacjoe_overflow_six_doors_small,
          overflow_temple_1_default, trog_three_pillars_becter,
          gammafunk_ghost_necromancy, chequers_serial_rivers_micro_c
D:11:     layout_long_grid
Lair:1:   lemuel_reptile_caves, layout_chaotic_city, minivault_25,
          grunt_forest_small_clearing_treed
Lair:2:   layout_loops_ring, skrybe_swamp_entry_bodies,
          spider_nest_entry_rubble, gammafunk_ghost_cemetery,
          gauntlet_entry_generic, grunt_megastairs_5, lemuel_fruit_tree

Skill      XL: |  1  2  3  4  5  6  7  8  9 10 11 12 |
---------------+-------------------------------------+-----
Fire Magic     | 4 5 6 8 9 11 | 11.2
Spellcasting   | 2 3 5 6 |  6.0
Fighting       | 4 8 14 17 | 17.7
Maces & Flails | 4 7 |  7.9

Action                     |  1- 3 |  4- 6 |  7- 9 | 10-12 || total
---------------------------+-------+-------+-------+-------++-------
  Melee: Mace              |    32 |     5 |       |       ||    37
         Whip              |       |    26 |    24 |     3 ||    53
         Punch             |       |       |     1 |     5 ||     6
         Morningstar       |       |       |       |     8 ||     8
         Demon whip        |       |       |       |   329 ||   329
   Cast: Scorch            |    19 |    63 |   118 |   218 ||   418
 Invoke: Fiery Armour      |       |       |       |     3 ||     3
         Foxfire Swarm     |       |       |       |     2 ||     2
         Rising Flame      |       |       |       |     1 ||     1
Ability: Spit Poison       |    28 |    14 |    19 |    27 ||    88
  Evoke: Wand              |       |       |       |     5 ||     5
         Phial of floods   |       |       |       |     1 ||     1
    Use: Scroll            |       |       |     9 |    15 ||    24
         Potion            |       |       |       |     2 ||     2
   Stab: Invisible         |       |       |       |     5 ||     5
 Armour: Robe              |     5 |     9 |    15 |    85 ||   114
         Leather armour    |       |       |       |    97 ||    97
  Dodge: Dodged            |    30 |    30 |    31 |   346 ||   437

Table legend: (Time is in decaauts)
 A = Elapsed time spent in this place.
 B = Non-inter-level travel time spent in this place.
 C = Inter-level travel time spent in this place.
 D = Time resting spent in this place.
 E = Time spent auto-exploring this place.
 F = Levels seen in this place.
 G = Mean time per level.
                   A        B        C        D        E       F      G
               +--------+--------+--------+--------+--------+-----+--------+
         Total |  16691 |  15588 |   1103 |   1126 |  11558 |  15 | 1112.7 |
       Dungeon |  11753 |  10692 |   1061 |    525 |   8560 |  11 | 1068.5 |
          Lair |   2664 |   2622 |     42 |     12 |   2118 |   2 | 1332.0 |
        Bailey |   1192 |   1192 |      0 |    324 |    483 |   1 | 1192.0 |
      Gauntlet |   1080 |   1080 |      0 |    265 |    396 |   1 | 1080.0 |
               +--------+--------+--------+--------+--------+-----+--------+

Top non-repeatable levels by time:
     D:7: 2154 daAuts
     D:5: 1931 daAuts
     D:3: 1749 daAuts
  Lair:1: 1735 daAuts
     D:4: 1632 daAuts
     D:1: 1259 daAuts
  Bailey: 1192 daAuts
     D:6: 1182 daAuts
Gauntlet: 1080 daAuts
     D:2: 1077 daAuts
  Lair:2: 928 daAuts
     D:8: 685 daAuts
    D:11: 38 daAuts
    D:10: 33 daAuts
     D:9: 8 daAuts
